 Dungeon Crawl Stone Soup version 0.31-a0-848-gaac375c287 (webtiles) character file.

Game seed: 8684854180937388760

625542 rageheart7 the Conqueror (level 27, -3/273 HPs)
             Began as a Hill Orc Monk on Oct 4, 2023.
             Was a Believer of Qazlal.
             Killed from afar by a Hell Sentinel (26 damage)
             ... with an iron shot
             ... on level 7 of the Iron City of Dis.
             The game lasted 02:48:25 (58937 turns).

rageheart7 the Conqueror (Hill Orc Monk)           Turns: 58937, Time: 02:48:26

Health: -3/273     AC: 39    Str: 31      XL:     27
Magic:  44/44      EV: 11    Int:  9 (10) God:    Qazlal [**....]
Gold:   4843       SH:  8    Dex: 10 (11) Spells: 29/29 levels left

rFire   + + .        d - +4 battleaxe (spect)
rCold   . . .        (shield currently unavailable)
rNeg    + + .        s - +4 crystal plate armour
rPois   +            L - +3 helmet of the Great Game {rF+}
rElec   +            W - scarf of Vaetaj {+Inv, Rampage rF+ rN+ Stlth+}
rCorr   +            Q - +2 pair of gloves "Xocwu" {Harm Regen+}
SInv    +            w - +1 pair of boots
Will    ++...        h - amulet "Deg Daid" {Reflect rElec rPois Dex-2 SH+5} Stlth
                     f - ring of Moanet {Fly rPois rN+ rCorr SInv}
HPRegen 2.25/turn    M - ring of Meydusot {Fly rElec rPois Str+3 SInv}
MPRegen 0.29/turn

%: harm (+30% outgoing, +20% incoming), reflection, rampage
@: flying, studying 2 skills, corroded, unable to drink
A: high MP 1, sense surroundings 1, regeneration 1, subdued magic 1, inability
to drink after injury 1
}: 5/15 runes: decaying, slimy, silver, abyssal, gossamer
a: Renounce Religion, Evoke Invisibility, Upheaval


You were on level 7 of the Iron City of Dis.
You worshipped Qazlal.
Qazlal was pleased with you.
You visited 13 branches of the dungeon, and saw 58 of its levels.
You visited the Abyss 2 times.
You also visited: Trove, Sewer, Gauntlet, Ice Cave and Wizlab.

You collected 8936 gold pieces.
You spent 4093 gold pieces at shops.

Inventory:

Hand Weapons
 d - a +4 spectral battleaxe (weapon)
 p - a +5 trishula of holy wrath
Missiles
 t - 2 throwing nets
Armour
 s - a +4 crystal plate armour (worn)
 w - a +1 pair of boots (worn)
 B - the +10 tower shield of Ignorance {rN+ Int-4}
   (You bought it in a shop on level 4 of the Depths)

   Int-4:     It affects your intelligence (-4).
   rN+:       It protects you from negative energy.
 I - the +1 pair of gloves of Entitlement {rC++ Dex+3}
   (You found it in a wizard's laboratory)

   Dex+3:     It affects your dexterity (+3).
   rC++:      It greatly protects you from cold.
 L - the +3 helmet of the Great Game (worn) {rF+}
   (You found it in a Gauntlet)

   rF+:       It protects you from fire.
 Q - the +2 pair of gloves "Xocwu" (worn) {Harm Regen+}
   (You found it on level 14 of the Dungeon)

   Regen+:    It increases your rate of health regeneration.
   Harm:      It increases damage dealt and taken.
 W - the scarf of Vaetaj (worn) {+Inv, Rampage rF+ rN+ Stlth+}
   (You found it in a wizard's laboratory)

   rF+:       It protects you from fire.
   rN+:       It protects you from negative energy.
   Rampage:   It bestows one free step when moving towards enemies.
   Stlth+:    It makes you more stealthy.
Jewellery
 f - the ring of Moanet (left hand) {Fly rPois rN+ rCorr SInv}
   (You found it on level 3 of the Elven Halls)

   [ring of see invisible]

   rPois:     It protects you from poison rN+: It protects you from negative
   energy.
   SInv:      It lets you see invisible.
   Fly:       It grants you flight.
   rCorr:     It protects you from acid and corrosion.
 h - the amulet "Deg Daid" (around neck) {Reflect rElec rPois Dex-2 SH+5}
   (You found it in a treasure trove)

   [amulet of reflection]

   Reflect:   It reflects blocked missile attacks.
   Dex-2:     It affects your dexterity (-2).
   rElec:     It insulates you from electricity.
   rPois:     It protects you from poison SH+5: It affects your SH (+5).
 M - the ring of Meydusot (right hand) {Fly rElec rPois Str+3 SInv}
   (You found it in a treasure trove)

   [ring of see invisible]

   Str+3:     It affects your strength (+3).
   rElec:     It insulates you from electricity.
   rPois:     It protects you from poison SInv: It lets you see invisible.
   Fly:       It grants you flight.
 N - a +4 ring of slaying
Wands
 b - a wand of digging (56)
 y - a wand of quicksilver (4)
 J - a wand of iceblast (35)
 K - a wand of mindburst (40)
Scrolls
 i - 8 scrolls of fog
 j - 14 scrolls of immolation
 k - 4 scrolls of brand weapon
 l - 7 scrolls of fear
 n - 4 scrolls of silence
 o - 26 scrolls of teleportation
 u - 12 scrolls of poison
 v - 6 scrolls of enchant weapon
 z - 4 scrolls of butterflies
 E - 5 scrolls of blinking
 P - 7 scrolls of revelation
Potions
 a - 5 potions of cancellation
 c - 3 potions of lignification
 g - 8 potions of ambrosia
 m - 9 potions of attraction
 r - 5 potions of enlightenment
 x - 4 potions of haste
 A - 8 potions of invisibility
 C - 14 potions of curing
 D - 11 potions of mutation
 F - 4 potions of berserk rage
 S - 4 potions of might
 Y - 2 potions of resistance
Miscellaneous
 H - a phantom mirror


   Skills:
 O Level 27 Fighting
 O Level 27 Axes
 + Level 11.6(18.8) Polearms
 O Level 27 Armour
 - Level 10.0 Dodging
 * Level 12.2 Shields
 - Level 1.7 Spellcasting
 O Level 27 Invocations
 - Level 4.1 Evocations


You had 29 spell levels left.
You didn't know any spells.
Your spell library contained the following spells:

 Spells                   Type           Power      Damage    Failure   Level
 Apportation              Tloc           0%         N/A       83%         1
 Magic Dart               Conj           0%         1d3       83%         1
 Necrotise                Necr           0%         1d4       83%         1
 Sandblast                Erth           0%         2d4       83%         1
 Summon Small Mammal      Summ           0%         N/A       83%         1
 Blink                    Tloc           0%         N/A       93%         2
 Call Imp                 Summ           0%         N/A       93%         2
 Cigotuvi's Dreadful Rot  Necr/Pois/Air  0%         N/A       93%         2
 Jinxbite                 Hex            0%         N/A       93%         2
 Lesser Beckoning         Tloc           0%         N/A       93%         2
 Poisonous Vapours        Pois/Air       0%         N/A       93%         2
 Searing Ray              Conj           0%         2d4       93%         2
 Sublimation of Blood     Necr           0%         N/A       93%         2
 Wereblood                Tmut           0%         N/A       93%         2
 Call Canine Familiar     Summ           0%         N/A       99%         3
 Dazzling Flash           Conj/Hex       0%         N/A       99%         3
 Hailstorm                Conj/Ice       0%         3d3       99%         3
 Ignite Poison            Fire/Tmut/Pois 0%         N/A       99%         3
 Inner Flame              Hex/Fire       0%         N/A       99%         3
 Mephitic Cloud           Conj/Pois/Air  0%         N/A       99%         3
 Ozocubu's Armour         Ice            0%         N/A       99%         3
 Sigil of Binding         Hex            0%         N/A       99%         3
 Vampiric Draining        Necr           0%         2d6       99%         3
 Volatile Blastmotes      Fire/Tloc      0%         2d10      99%         3
 Anguish                  Hex/Necr       0%         N/A       100%        4
 Animate Dead             Necr           0%         N/A       100%        4
 Brom's Barrelling Bould  Conj/Erth      0%         2d3       100%        4
 Cause Fear               Hex            0%         N/A       100%        4
 Dimensional Bullseye     Hex/Tloc       0%         N/A       100%        4
 Dispel Undead            Necr           0%         3d6       100%        4
 Fulminant Prism          Conj/Hex       0%         3d5       100%        4
 Leda's Liquefaction      Hex/Erth       0%         N/A       100%        4
 Manifold Assault         Tloc           0%         N/A       100%        4
 Summon Ice Beast         Ice/Summ       0%         N/A       100%        4
 Vhi's Electric Charge    Tloc/Air       0%         N/A       100%        4
 Agony                    Necr           0%         N/A       100%        5
 Alistair's Intoxication  Tmut/Pois      0%         N/A       100%        5
 Arcjolt                  Conj/Air       0%         1d10      100%        5
 Borgnjor's Vile Clutch   Necr/Erth      0%         N/A       100%        5
 Fireball                 Conj/Fire      0%         3d3       100%        5
 Freezing Cloud           Conj/Ice/Air   0%         6-21      100%        5
 Irradiate                Conj/Tmut      0%         3d11      100%        5
 Iskenderun's Battlesphe  Conj           0%         2d6       100%        5
 Lee's Rapid Deconstruct  Erth           0%         3d4*      100%        5
 Silence                  Hex/Air        0%         N/A       100%        5
 Summon Forest            Summ/Tloc      0%         N/A       100%        5
 Yara's Violent Unravell  Hex/Tmut       0%         3d3       100%        5
 Bombard                  Conj/Erth      0%         9d1       100%        6
 Conjure Ball Lightning   Conj/Air       0%         3x3d6     100%        6
 Death Channel            Necr           0%         N/A       100%        6
 Dispersal                Tloc           0%         N/A       100%        6
 Eringya's Noxious Bog    Tmut/Pois      0%         4d6       100%        6
 Plasma Beam              Fire/Air       0%         2x1d10    100%        6
 Simulacrum               Ice/Necr       0%         N/A       100%        6
 Starburst                Conj/Fire      0%         6d3       100%        6
 Enfeeble                 Hex            0%         N/A       100%        7
 Orb of Destruction       Conj           0%         9d5       100%        7
 Ozocubu's Refrigeration  Ice            0%         4d7       100%        7
 Spellforged Servitor     Conj/Summ      0%         N/A       100%        7
 Summon Hydra             Summ           0%         N/A       100%        7
 Disjunction              Tloc           0%         N/A       100%        8
 Maxwell's Capacitive Co  Air            0%         ∞         100%        8


Dungeon Overview and Level Annotations

Branches:
Dungeon (15/15)            Temple (1/1) D:5            Lair (5/5) D:8
  Swamp (4/4) Lair:3       Spider (4/4) Lair:3        Slime (5/5) Lair:4
    Orc (2/2) D:10            Elf (3/3) Orc:2        Vaults (5/5) D:14
  Crypt (2/3) Vaults:3     Depths (4/4) D:15           Hell (visited)
    Dis (7/7) Hell            Geh (0/7) Hell            Coc (0/7) Hell
    Tar (0/7) Hell            Zot (0/5) Depths:4      Sewer (visited)
  IceCv (visited)          WizLab (visited)         Gauntlet (visited)

Altars:
Ashenzari
Cheibriados
Dithmenos
Elyvilon
Fedhas
Gozag
Hepliaklqana
Kikubaaqudgha
Makhleb
Nemelex Xobeh
Okawaru
Qazlal
Ru
Sif Muna
Trog
Uskayaw
Vehumet
Wu Jian
Xom
Yredelemnul
Zin
The Shining One
Beogh
Jiyva

Shops:
D:1 [   D:5 =   D:6 (   D:13 *=   D:14 [   Orc:2 =**(?!(   Elf:2 *   Vaults:3 *
Vaults:5 :   Depths:2 *([   Depths:4 [

Portals:
Hell: Depths:1 Depths:2 Depths:3 Depths:4
Abyss: Depths:3
Pandemonium: Depths:2 Depths:3
Ziggurat: Depths:3

Annotations:
D:3 2 transporters, gribnar's ghost, amateur OpSh
Depths:3 4 transporters


Innate Abilities, Weirdness & Mutations

You have an increased reservoir of magic. (+10% MP)
You passively map a small area around you.
Your natural rate of healing is unusually fast.
Your spells are a little easier to cast, but a little less powerful.
You occasionally lose the ability to drink potions when taking damage.


Message History

You hit the Hell Sentinel.
The Hell Sentinel is almost dead.
You hit the Hell Sentinel but do no damage.
Your +4 spectral battleaxe hits the Hell Sentinel but does no damage.
The Hell Sentinel hits you but does no damage.
The Hell Sentinel hits you! The Hell Sentinel gestures at you.
The sphere of damnation explodes!
The damnation engulfs you!!!
* * * LOW HITPOINT WARNING * * *
The damnation engulfs the Hell Sentinel.
The Hell Sentinel completely resists.
The damnation engulfs the Hell Sentinel.
The Hell Sentinel completely resists.
The damnation engulfs your +4 spectral battleaxe!!
Your spectral weapon shares its damage with you!
* * * LOW HITPOINT WARNING * * *
Unknown command.
You barely miss the Hell Sentinel.
The Hell Sentinel is almost dead.
You slice the Hell Sentinel!!
Your +4 spectral battleaxe hits the Hell Sentinel but does no damage.
Unknown command.
Unknown command.
You hit the Hell Sentinel but do no damage.
The Hell Sentinel is almost dead.
You hit the Hell Sentinel but do no damage.
Your +4 spectral battleaxe hits the Hell Sentinel!
The Hell Sentinel closely misses you. The Hell Sentinel hits you.
* * * LOW HITPOINT WARNING * * *
You block the Hell Sentinel's attack.
The Hell Sentinel hits you but does no damage.
Unknown command.
You slice the Hell Sentinel!!
You kill the Hell Sentinel!
Qazlal accepts your kill.
You hit the Hell Sentinel but do no damage.
Your +4 spectral battleaxe hits the Hell Sentinel but does no damage.
The Hell Sentinel gestures at you. The iron shot hits you!!
You die...

* ........... , , ,
,.......... , ~ ~~≈~~..~~~
~ ~ ~ ~ ≈≈≈≈≈..~~ ~ ~~
~≈≈~~..~≈~ ~ ~ ~ #....# *
* * * * *
####'''1#################
,
.......(@........#.....#.
,
,.##..###.#########.....#.
, *
#..###.#.............#+
#......+.............#. *
+......#.............#.
*#+###+##.............#. ,
, .......####.....## ,
........# #....... **
.........# #.......


You could see a Hell Sentinel and a friendly +4 spectral battleaxe.

Vanquished Creatures
  the Royal Jelly (Slime:5)
  Mennas (Crypt:2)
  A dread lich (Vaults:5)
  An ancient lich (Vaults:4)
  Sojobo (Vaults:5)
  Boris (4 times) (Vaults:2 Depths:2 Depths:4 Crypt:2)
  Xtahua (Depths:4)
  Geryon (Hell)
  33 caustic shrikes
  3 golden dragons
  5 bone dragons
  A Tzitzimitl (Hell)
  Arachne (Spider:4)
  Norris (Vaults:2)
  2 doom hounds (Hell)
  4 Hell Sentinels
  3 tentacled monstrosities (Vaults:5)
  3 liches
  A walking crystal tome (WizLab)
  A walking earthen tome (WizLab)
  A quicksilver dragon (Vaults:5)
  3 deep elf blademasters
  A deep elf master archer (Elf:3)
  A walking divine tome (WizLab)
  27 acid blobs
  7 titans
  3 sphinxes
  Murray (Hell)
  12 ancient champions
  7 tentacled starspawn
  An Executioner (Abyss:3)
  Kirke (Elf:1)
  Donald (Orc:2)
  A thorn hunter (Swamp:4)
  2 storm dragons
  6 tengu reavers
  2 strange machines (WizLab)
  A draconian monk (Depths:4)
  8 rockslimes
  9 frost giants
  4 shadow dragons (Vaults:5)
  12 fire giants
  18 azure jellies
  4 ghost moths
  3 iron dragons
  9 quicksilver elementals
  11 deep elf sorcerers
  4 emperor scorpions
  13 vault wardens
  5 deep elf elementalists
  A balrug (Abyss:3)
  3 cacodemons
  2 angels (Depths:3)
  2 curse skulls
  13 ironbound preservers
  An orc warlord (Vaults:4)
  4 ghouls (Crypt:1)
  A caustic shrike zombie (Crypt:1)
  A draconian annihilator (Depths:4)
  9 very ugly things
  7 reapers
  19 stone giants
  12 quicksilver oozes
  2 broodmothers
  6 formless jellyfish
  4 ironbound thunderhulks
  A caustic shrike skeleton (Crypt:1)
  A green draconian (Depths:4)
  6 vampire knights
  An eleionoma (Swamp:2)
  The ghost of Bonyc the Worldbinder, a journeyman TeMo of Hepliaklqana (Depths:1)
  11 war gargoyles
  The ghost of Paidunot the Warrior, a journeyman BaHu of Nemelex Xobeh (D:14)
  A putrid mouth (Hell)
  6 deep elf demonologists
  A yellow draconian (Depths:4)
  6 deep elf annihilators
  5 lorocyprocas
  A black draconian (Depths:4)
  2 white draconians
  A purple draconian (Depths:4)
  A red draconian (Depths:4)
  A minotaur (Gauntlet)
  10 spark wasps
  4 bunyips
  8 dire elephants
  5 iron golems
  2 crystal guardians (Vaults:4)
  7 eidola
  2 blizzard demons (Hell)
  8 ettins
  118 slime creatures
  11 deep elf death magi
  7 fire dragons
  7 jiangshi
  2 entropy weavers
  5 rakshasas
  A green death (Hell)
  9 deep elf high priests
  8 yaktaur captains
  A spriggan zombie (Crypt:1)
  4 great orbs of eyes
  6 ice dragons
  3 shambling mangroves (Swamp:4)
  Harold (D:9)
  33 vault guards
  3 peacekeepers
  A fenstrider witch zombie (Crypt:1)
  20 hydras
  Fannar (D:12)
  21 centaur warriors
  2 spriggan air magi
  2 ghost crabs
  5 jorogumos
  5 ironbound frosthearts
  2 ogre magi
  A catoblepas (D:13)
  A fenstrider witch skeleton (Crypt:2)
  6 alligators
  3 deep troll shamans
  10 two-headed ogres
  4 death knights
  12 boulder beetles
  7 deep troll earth magi
  39 dancing weapons
  4 orc high priests
  8 demonic crawlers
  12 hell hogs (Hell)
  7 tengu warriors
  4 vampire magi
  3 thrashing horrors
  7 soul eaters
  A spriggan berserker (Depths:4)
  Sonja (D:12)
  27 hell knights
  3 crystal echidnas (Dis:6)
  7 sun demons
  3 spriggans
  A storm dragon zombie (Crypt:2)
  A sixfirhy (Abyss:3)
  16 deep elf knights
  5 skysharks
  6 pharaoh ants
  3 sun moths (Spider:4)
  2 iron trolls
  12 skeletal warriors
  3 wretched stars
  4 shadow wraiths
  A skyshark (shapeshifter) (Depths:4)
  A spatial maelstrom (Abyss:5)
  A salamander mystic (Depths:3)
  5 flayed ghosts
  2 goliath frogs
  A spriggan druid (Swamp:3)
  11 deep elf archers
  43 deep trolls
  13 orb spiders
  13 lindwurms
  7 bog bodies
  7 swamp dragons
  14 wizards
  7 phantasmal warriors
  3 glowing orange brains
  27 deep elf pyromancers
  26 deep elf zephyrmancers
  3 steelbarb worms
  14 ironbound convokers
  A shadow dragon skeleton (Crypt:1)
  An orange crystal statue (IceCv)
  7 orc knights
  26 starcursed masses
  15 necromancers
  28 ugly things
  20 wolf spiders
  8 orc sorcerers
  A manticore (D:14)
  A manticore (shapeshifter) (Vaults:4)
  A human zombie (Vaults:3)
  4 moths of wrath
  A cyclops (D:14)
  7 shining eyes
  3 salamanders (Depths:3)
  11 elephants
  A worldbinder (Abyss:5)
  3 apocalypse crabs
  A naga zombie (Crypt:1)
  5 will-o-the-wisps
  Maurice (Orc:2)
  A black mamba (Lair:3)
  2 centaur zombies (Crypt:2)
  15 smoke demons
  17 vault sentinels
  4 orange demons
  A titan simulacrum (Hell)
  A gargoyle (D:13)
  3 guardian serpents
  9 cane toads
  6 eyes of devastation
  10 rust devils
  An alligator snapping turtle zombie (Crypt:2)
  8 torpor snails
  3 hellions
  A minotaur zombie (Gauntlet)
  A purple draconian zombie (Crypt:1)
  2 unseen horrors
  An elf zombie (Vaults:3)
  4 efreet (Abyss:3)
  Psyche (D:9)
  5 freezing wraiths
  9 komodo dragons
  A redback zombie (Crypt:2)
  7 tormentors
  3 kobold demonologists
  3 ice devils
  21 rime drakes
  A yaktaur skeleton (Vaults:3)
  6 ancient zymes
  A catoblepas skeleton (Crypt:2)
  9 yaktaurs
  A green draconian skeleton (Crypt:1)
  2 red devils
  7 tengu conjurers
  6 tyrant leeches
  A guardian mummy (Vaults:4)
  3 meliai (Spider:1)
  32 polar bears
  A bloated husk (Swamp:2)
  3 hellwings
  A queen bee (shapeshifter) (Elf:3)
  3 trolls
  14 large abominations
  A shadow dragon simulacrum (Hell)
  A harpy skeleton (Crypt:1)
  A death drake zombie (Crypt:2)
  6 hornets
  3 raiju
  13 tarantellas
  12 blink frogs
  9 dream sheep (Lair:5)
  A blink frog (shapeshifter) (D:15)
  An ice dragon skeleton (Crypt:1)
  2 air elementals
  47 jumping spiders
  A slime creature (shapeshifter) (Vaults:5)
  2 vampires (D:13)
  2 fire dragon skeletons
  4 flying skulls (Crypt:2)
  An ettin skeleton (Crypt:2)
  2 shadows
  A culicivora (shapeshifter) (Depths:1)
  14 culicivoras
  6 ynoxinuls
  11 wraiths
  31 yaks
  A human (Elf:1)
  4 water elementals
  9 basilisks
  2 wyverns
  A yak (shapeshifter) (D:14)
  A fire elemental (Elf:3)
  11 golden eyes
  48 redbacks
  3 chaos spawn (Abyss:3)
  4 neqoxecs
  2 steam dragons (Lair:5)
  11 vampire mosquitoes
  Menkaure (D:4)
  A human simulacrum (Vaults:3)
  4 wargs (Lair:5)
  11 swamp worms
  An acid dragon (shapeshifter) (Elf:1)
  Duvessa (D:7)
  3 acid dragons
  7 water moccasins
  A glowing shapeshifter skeleton (Crypt:1)
  19 hell hounds
  4 swamp drakes
  A merfolk skeleton (Crypt:1)
  A swamp dragon zombie (Crypt:1)
  26 orc warriors
  An ice beast (D:7)
  13 black bears
  An ice dragon simulacrum (Crypt:1)
  6 ogres
  7 boggarts
  11 small abominations
  31 wolves
  28 centaurs
  A rime drake zombie (Crypt:1)
  A kobold brigand (D:11)
  4 earth elementals (Elf:1)
  2 scorpions (D:5)
  10 bullfrogs
  A glowing shapeshifter simulacrum (Vaults:1)
  6 wights
  A warg zombie (Crypt:1)
  A water moccasin zombie (Crypt:1)
  Dowan (D:7)
  A polar bear skeleton (Crypt:2)
  4 electric eels (D:8)
  3 howler monkeys (D:9)
  3 lava snakes (Lair:4)
  11 hounds
  A quasit (Abyss:3)
  2 jellies
  A black bear zombie (Crypt:1)
  16 orc priests
  Crazy Yiuf (D:3)
  8 iron imps
  A sleepcap (D:5)
  Natasha (D:2)
  8 iguanas
  30 orc wizards
  4 hell rats (Lair:5)
  A hound zombie (Crypt:2)
  4 gnolls (D:6)
  4 river rats (Sewer)
  14 adders
  3 shadow imps (Gauntlet)
  A white imp (D:6)
  3 ufetubi
  3 worms
  4 dart slugs
  65 orcs
  19 endoplasms
  8 giant cockroaches
  4 goblins
  7 hobgoblins
  7 jackals
  19 kobolds
  9 quokkas
  A river rat zombie (Crypt:2)
  9 ball pythons
  9 bats
  7 frilled lizards
  An orc skeleton (Crypt:2)
  5 rats
  13 butterflies (Dis:1)
  A lurking horror (Abyss:3)
  5 spectral weapons
  5 starspawn tentacles
2306 creatures vanquished.

Vanquished Creatures (collateral kills)
  Bai Suzhen (Swamp:4)
  2 Hell Sentinels
  An ancient champion (Dis:5)
  An iron golem (Dis:5)
  A hydra (Lair:2)
  4 hell knights (Hell)
  An ice devil (Hell)
  2 swamp drakes (Swamp:4)
13 creatures vanquished.

Vanquished Creatures (others)
  A war gargoyle (Vaults:5)
  An ironbound frostheart (IceCv)
  A dancing weapon (WizLab)
  A tengu warrior (Depths:3)
  A deep elf knight (Elf:1)
  A wretched star (Abyss:3)
  A pharaoh ant (Spider:4)
  A slime creature (D:15)
  A large abomination (Abyss:3)
  2 deep elf pyromancers (Elf:2)
  A bloated husk (Swamp:1)
  A tarantella (Spider:4)
  A jumping spider (Spider:4)
  A swamp worm (Swamp:3)
  A boggart (Depths:1)
  A wight (Abyss:3)
  24 foxfires
  41 spectral weapons
  5 starspawn tentacles
87 creatures vanquished.

Grand Total: 2406 creatures vanquished

Notes
Turn   | Place    | Note
-------+----------+-------------------------------------------
     0 | D:1      | rageheart7 the Hill Orc Monk began the quest for the Orb.
     0 | D:1      | Reached XP level 1. HP: 19/19 MP: 1/1
    95 | D:1      | Reached XP level 2. HP: 27/27 MP: 2/2
   367 | D:1      | Found Oruicusy's Armour Shop.
   486 | D:2      | Reached XP level 3. HP: 27/34 MP: 3/3
   500 | D:2      | Reached skill level 5 in Axes
   722 | D:2      | Reached XP level 4. HP: 40/41 MP: 4/4
   739 | D:2      | Noticed Natasha
   756 | D:2      | Killed Natasha
   757 | D:2      | Reached skill level 5 in Fighting
   938 | D:2      | Identified the +5 ring mail "Cehexaj" {Harm rC- SInv}
  1130 | D:3      | Found a transporter.
  1132 | D:3      | Found a transporter.
  1132 | D:3      | Noticed an ogre
  1133 | D:3      | Noticed an ogre
  1137 | D:3      | Found a glowing silver altar of Zin.
  1146 | D:3      | Noticed gribnar's ghost (amateur OpSh)
  1209 | D:3      | Reached XP level 5. HP: 47/48 MP: 5/5
  1500 | D:3      | Found a snail-covered altar of Cheibriados.
  1615 | D:3      | Found an opulent altar of Gozag.
  1754 | D:3      | Found a runed translucent door.
  1755 | D:3      | Noticed Crazy Yiuf
  1763 | D:3      | Killed Crazy Yiuf
  1968 | D:3      | Found a shimmering blue altar of Sif Muna.
  2025 | D:4      | Reached XP level 6. HP: 52/57 MP: 6/6
  2131 | D:4      | Found a glowing drain.
  2142 | Sewer    | Entered a sewer
  2872 | D:4      | Reached XP level 7. HP: 50/66 MP: 7/7
  3069 | D:4      | Noticed Menkaure
  3086 | D:4      | Killed Menkaure
  3447 | D:5      | Entered Level 5 of the Dungeon
  3540 | D:5      | Reached XP level 8. HP: 36/74 MP: 8/8
  3677 | D:5      | Found a staircase to the Ecumenical Temple.
  3704 | Temple   | Entered the Ecumenical Temple
  3739 | Temple   | Became a worshipper of Qazlal Stormbringer
  3739 | Temple   | Reached * piety under Qazlal
  3739 | Temple   | Reached ** piety under Qazlal
  3918 | D:5      | Identified the +6 dagger of the Everdark {drain, Int+2
                  | Dex+3 SInv}
  4038 | D:5      | Found a bloodstained altar of Trog.
  4335 | D:5      | Found Rouceleo's Jewellery Shoppe.
  4568 | D:1      | Bought a +0 pair of gloves of dexterity for 149 gold pieces
  4759 | D:6      | Reached skill level 10 in Axes
  4939 | D:6      | Reached skill level 10 in Fighting
  4988 | D:6      | Reached XP level 9. HP: 39/85 MP: 9/9
  5179 | D:6      | Found Jameops's Weapon Emporium.
  5405 | D:7      | Noticed Duvessa
  5405 | D:7      | Noticed Dowan
  5417 | D:7      | Killed Dowan
  5417 | D:7      | Killed Duvessa
  5418 | D:7      | Reached skill level 1 in Armour
  5418 | D:7      | Reached skill level 1 in Invocations
  5566 | D:7      | Found a sacrificial altar of Ru.
  5605 | D:7      | Found a broken altar of Ashenzari.
  5807 | D:7      | Found Qixyciedghyss's Magic Scroll Shoppe.
  6148 | D:8      | Found an ancient bone altar of Kikubaaqudgha.
  6419 | D:8      | Noticed a hornet
  6419 | D:8      | Noticed a troll
  6425 | D:8      | Killed a troll
  6425 | D:8      | Reached *** piety under Qazlal
  6426 | D:8      | Paralysed by a hornet for 1 turns
  6430 | D:8      | Killed a hornet
  6672 | D:8      | Reached XP level 10. HP: 89/94 MP: 13/13
  6703 | D:8      | Reached skill level 5 in Invocations
  6823 | D:8      | Found a staircase to the Lair.
  7560 | D:9      | Reached skill level 5 in Armour
  7810 | D:9      | Noticed Harold
  7813 | D:9      | Noticed a two-headed ogre
  7829 | D:9      | Killed a two-headed ogre
  7829 | D:9      | Killed Harold
  8022 | D:9      | Reached skill level 15 in Axes
  8059 | D:9      | Found a blossoming altar of Fedhas.
  8113 | D:9      | Noticed Psyche
  8122 | D:9      | Killed Psyche
  8123 | D:9      | Reached XP level 11. HP: 95/101 MP: 16/16
  8228 | D:9      | Noticed a two-headed ogre
  8239 | D:9      | Killed a two-headed ogre
  8651 | D:10     | Entered Level 10 of the Dungeon
  8730 | D:10     | Found a staircase to the Orcish Mines.
  9314 | D:10     | Found an ornate altar of the Wu Jian Council.
  9343 | D:10     | Found a shimmering altar of Xom.
  9498 | D:11     | Reached **** piety under Qazlal
  9580 | D:11     | Noticed a boulder beetle
  9616 | D:11     | Killed a boulder beetle
  9880 | D:11     | Noticed a boulder beetle
  9904 | D:10     | Killed a boulder beetle
 10532 | D:12     | Noticed a boulder beetle
 10634 | Lair:1   | Entered Level 1 of the Lair of Beasts
 10660 | Lair:1   | Reached skill level 10 in Invocations
 10749 | Lair:1   | Reached XP level 12. HP: 75/107 MP: 12/20
 11595 | Lair:2   | Found a gate leading to a gauntlet.
 11607 | Gauntlet | Entered a Gauntlet
 11607 | Gauntlet | Noticed a soul eater
 11607 | Gauntlet | Found a transporter.
 11607 | Gauntlet | Found a transporter.
 11607 | Gauntlet | Found a transporter.
 11607 | Gauntlet | Found a transporter.
 11627 | Gauntlet | Found a transporter.
 11633 | Gauntlet | Noticed a dire elephant
 11637 | Gauntlet | Found a transporter.
 11641 | Gauntlet | Found a transporter.
 11651 | Gauntlet | Found a transporter.
 11672 | Gauntlet | Found a transporter.
 11677 | Gauntlet | Found a transporter.
 11696 | Gauntlet | Found a transporter.
 11742 | Gauntlet | Found a transporter.
 11817 | Gauntlet | Noticed a cacodemon
 11887 | Gauntlet | Killed a soul eater
 12027 | Gauntlet | Killed a cacodemon
 12028 | Gauntlet | Reached skill level 10 in Armour
 12037 | Gauntlet | Identified the ring "Metataph" {MP-9 AC+4 Str+4}
 12064 | Gauntlet | Identified the +3 helmet of the Great Game {rF+}
 12245 | Gauntlet | Noticed a minotaur
 12251 | Gauntlet | Killed a minotaur
 12256 | Gauntlet | Identified the +0 ring mail of Cotoghie {rElec rPois rF-
                  | Slay+2}
 12501 | Lair:2   | Noticed a five-headed hydra
 12519 | Lair:2   | Killed a seven-headed hydra
 13436 | Lair:3   | Noticed a skyshark
 13440 | Lair:3   | Noticed a seven-headed hydra
 13460 | Lair:3   | Killed a skyshark
 13497 | Lair:3   | Killed a 13-headed hydra
 13840 | Lair:3   | Noticed a boulder beetle
 13862 | Lair:3   | Killed a boulder beetle
 13863 | Lair:3   | Reached XP level 13. HP: 65/114 MP: 13/22
 13999 | Lair:3   | Found a hole to the Spider Nest.
 14132 | Lair:3   | Found a staircase to the Swamp.
 14494 | Lair:3   | Found a snail-covered altar of Cheibriados.
 15282 | Lair:4   | Found a runed translucent door.
 15318 | Lair:4   | Identified the +0 ring mail "Ixavitra" {SInv}
 16176 | Lair:4   | Found a viscous altar of Jiyva.
 16176 | Lair:4   | Found a staircase to the Slime Pits.
 16442 | Lair:4   | Found a runed translucent gate.
 16443 | Lair:4   | Identified the +1 hat of Supple Strength {+Blink rCorr
                  | Int-3 Stlth+}
 16445 | Lair:4   | Found a runed translucent gate.
 16445 | Lair:4   | Identified the +7 whip of the Bashing Eel {freeze, rN+
                  | Str-3 Int+4}
 16466 | Lair:4   | Found a runed translucent gate.
 16466 | Lair:4   | Found a runed translucent gate.
 16466 | Lair:4   | Found a runed translucent gate.
 16467 | Lair:4   | Found a runed translucent gate.
 16657 | Lair:4   | Identified a scroll of acquirement
 16658 | Lair:4   | Acquired 1002 gold pieces
 16811 | D:5      | Bought a +4 ring of slaying for 1092 gold pieces
 16938 | Lair:5   | Entered Level 5 of the Lair of Beasts
 17036 | Lair:5   | Reached ***** piety under Qazlal
 17051 | Lair:5   | Reached XP level 14. HP: 129/129 MP: 14/23
 17437 | Lair:5   | Identified the +8 spear "Killer Bee's Curse" {venom, Drain
                  | rPois rC+}
 18174 | Lair:5   | Reached skill level 15 in Fighting
 18632 | Orc:1    | Entered Level 1 of the Orcish Mines
 18632 | Orc:1    | Found a shimmering altar of Xom.
 18702 | Orc:2    | Entered Level 2 of the Orcish Mines
 18702 | Orc:2    | Found Veufou Joju's Jewellery Boutique.
 18715 | Orc:2    | Noticed Donald
 18716 | Orc:2    | Reached ****** piety under Qazlal
 18723 | Orc:2    | Noticed Maurice
 18731 | Orc:2    | Killed Donald
 18740 | Orc:2    | Killed Maurice
 18827 | Orc:2    | Found Miexeulu's General Store.
 18842 | Orc:2    | Found a staircase to the Elven Halls.
 18848 | Orc:2    | Found Gapyofyim's Magic Scroll Boutique.
 18917 | Orc:2    | Bought a scroll of fog for 56 gold pieces
 18917 | Orc:2    | Bought a scroll of blinking for 105 gold pieces
 18917 | Orc:2    | Bought a scroll of teleportation for 42 gold pieces
 18917 | Orc:2    | Bought a scroll of blinking for 105 gold pieces
 18934 | Orc:2    | Found a roughly hewn altar of Beogh.
 19026 | Orc:2    | Found Zeguit's Weapon Emporium.
 19026 | Orc:2    | Found Ratiq's General Store.
 19027 | Orc:2    | Found Neinod's Distillery.
 19027 | Orc:2    | Found Awuomp's Antique Weapon Boutique.
 19196 | Orc:2    | Bought a potion of haste for 150 gold pieces
 19196 | Orc:2    | Bought a potion of heal wounds for 75 gold pieces
 19196 | Orc:2    | Bought a potion of might for 60 gold pieces
 19196 | Orc:2    | Bought a potion of might for 60 gold pieces
 19196 | Orc:2    | Bought a potion of resistance for 150 gold pieces
 19196 | Orc:2    | Bought a potion of curing for 45 gold pieces
 19210 | Orc:2    | Bought a potion of heal wounds for 65 gold pieces
 19210 | Orc:2    | Bought a scroll of brand weapon for 123 gold pieces
 19339 | Orc:2    | Bought a scroll of enchant armour for 90 gold pieces
 19339 | Orc:2    | Bought a potion of heal wounds for 60 gold pieces
 19539 | Orc:1    | Reached XP level 15. HP: 108/144 MP: 15/24
 20099 | D:12     | Noticed Sonja
 20105 | D:12     | Killed Sonja
 20106 | D:12     | Reached skill level 15 in Armour
 20249 | D:12     | Noticed Fannar
 20259 | D:12     | Killed Fannar
 21426 | D:13     | Found Moxt's Blood Bar.
 21974 | D:13     | Found Teodev's Jewellery Shop.
 22113 | D:14     | Found a runed translucent gate.
 22115 | D:14     | Found a runed translucent gate.
 22115 | D:14     | Noticed Paidunot's ghost (journeyman BaHu)
 22116 | D:14     | Found a runed translucent gate.
 22176 | D:14     | Found Fesop's Armour Shoppe.
 22237 | D:14     | Found a frozen archway.
 22246 | IceCv    | Entered an ice cave
 22759 | IceCv    | Identified the staff "Negusmun" {Fragile rPois Dex+5
                  | Poison}
 22789 | IceCv    | Reached XP level 16. HP: 140/157 MP: 17/26
 22873 | IceCv    | Reached skill level 15 in Invocations
 23621 | D:14     | Found a gate to the Vaults.
 23782 | D:14     | Bought a +3 plate armour of cold resistance for 585 gold
                  | pieces
 24059 | D:14     | Found a hazy altar of Hepliaklqana.
 24235 | D:14     | Killed Paidunot's ghost
 24242 | D:14     | Identified the +2 pair of gloves "Xocwu" {Harm Regen+}
 24354 | D:15     | Entered Level 15 of the Dungeon
 24709 | D:15     | Found a staircase to the Depths.
 25275 | Swamp:1  | Entered Level 1 of the Swamp
 25281 | Swamp:1  | Identified the +0 ring mail of the Carpenter {rF+ Dex+3
                  | Slay-4 SInv}
 25671 | Swamp:1  | Identified the +0 kite shield "Wetzacet" {*Corrode Str+3
                  | Slay+2}
 25976 | Swamp:2  | Reached XP level 17. HP: 167/168 MP: 20/29
 26355 | Swamp:3  | Identified the +1 scale mail of the Vaults {Str+5}
 26712 | Swamp:4  | Entered Level 4 of the Swamp
 26965 | Swamp:4  | Noticed Bai Suzhen
 26979 | Swamp:4  | Killed Bai Suzhen
 27124 | Swamp:4  | Got a decaying rune of Zot
 27674 | Elf:1    | Entered Level 1 of the Elven Halls
 28198 | Elf:1    | Identified the +1 robe of the Green God {rElec MP+9 Str-3
                  | Archmagi}
 28198 | Elf:1    | Noticed Kirke
 28207 | Elf:1    | Killed Kirke
 28730 | Elf:2    | Reached XP level 18. HP: 140/178 MP: 21/30
 28744 | Elf:2    | Found Upholiny's Assorted Antiques.
 28798 | Elf:2    | Bought a pair of runed boots for 277 gold pieces
 28924 | Elf:2    | Found a runed translucent gate.
 28924 | Elf:2    | Found a runed translucent gate.
 28929 | Elf:2    | Found a runed translucent gate.
 29217 | Elf:2    | Noticed a deep elf blademaster
 29225 | Elf:2    | Killed a deep elf blademaster
 29745 | Elf:3    | Entered Level 3 of the Elven Halls
 29791 | Elf:3    | Reached skill level 5 in Dodging
 29862 | Elf:3    | Found a magical portal.
 29866 | WizLab   | Entered Tukima's Studio
 29909 | WizLab   | Noticed a walking divine tome
 29915 | WizLab   | Noticed a walking crystal tome
 29917 | WizLab   | Killed a walking divine tome
 29927 | WizLab   | Killed a walking crystal tome
 30037 | WizLab   | Identified the +1 pair of gloves of Entitlement {rC++
                  | Dex+3}
 30063 | WizLab   | Noticed a walking earthen tome
 30073 | WizLab   | Killed a walking earthen tome
 30170 | WizLab   | Identified the +8 triple crossbow "Killer Klown's Curse"
                  | {penet, Fly Str+3}
 30218 | WizLab   | Noticed rageheart7's illusion
 30245 | WizLab   | Identified the scarf of Vaetaj {+Inv, Rampage rF+ rN+
                  | Stlth+}
 30418 | Elf:3    | Paralysed by an air elemental for 1 turns
 30443 | Elf:3    | Reached XP level 19. HP: 147/188 MP: 15/31
 31710 | Elf:3    | Got a grimy book
 32020 | Elf:3    | Identified the ring of Moanet {Fly rPois rN+ rCorr SInv}
 32447 | Spider:1 | Entered Level 1 of the Spider Nest
 33130 | Spider:1 | You are sucked into a shaft and drop 1 floor!
 34507 | Spider:3 | Reached XP level 20. HP: 203/203 MP: 32/32
 35033 | Spider:4 | Entered Level 4 of the Spider Nest
 35336 | Spider:4 | Noticed Arachne
 35346 | Spider:4 | Killed Arachne
 36316 | Spider:4 | Got a gossamer rune of Zot
 36586 | Slime:1  | Entered Level 1 of the Pits of Slime
 36750 | Slime:2  | Paralysed by a formless jellyfish for 1 turns
 37280 | Slime:1  | Gained mutation: Armour fits poorly on your strangely
                  | shaped body. [a shining eye]
 37372 | Slime:1  | Gained mutation: Your body sometimes deteriorates upon
                  | taking damage. [a shining eye]
 37375 | Slime:1  | Gained mutation: You are weak. (Str -2) [a shining eye]
 37383 | Slime:1  | Lost mutation: Armour fits poorly on your strangely shaped
                  | body. [potion of mutation]
 37383 | Slime:1  | Lost mutation: You are weak. (Str -2) [potion of mutation]
 37383 | Slime:1  | Gained mutation: You have hidden genetic potential. [potion
                  | of mutation]
 38295 | Slime:2  | Reached XP level 21. HP: 208/216 MP: 33/33
 39268 | Slime:5  | Entered Level 5 of the Pits of Slime
 39311 | Slime:5  | Paralysed by a great orb of eyes for 5 turns
 39653 | Slime:5  | Noticed the Royal Jelly
 39672 | Slime:5  | Killed the Royal Jelly
 40029 | Slime:5  | Identified the staff "Savoarr" {Will+ Dex+3 Earth}
 40031 | Slime:5  | Lost mutation: Your body sometimes deteriorates upon taking
                  | damage. [a shining eye]
 40032 | Slime:5  | Gained mutation: You passively map a small area around you.
                  | [a shining eye]
 40364 | Slime:5  | Identified the +4 arbalest "Yfuleusch" {flame, rC+}
 40371 | Slime:5  | Got a strange book
 40397 | Slime:5  | Identified the +6 orcbow "Bagralusm" {heavy, Dex+5}
 40402 | Slime:5  | Identified the +1 chain mail "Alynopt" {*Slow rElec rPois
                  | Int+3}
 40470 | Slime:5  | Identified the +1 long sword of Embarrassment {protect, rC+
                  | rCorr SInv}
 40471 | Slime:5  | Identified the +7 quarterstaff "Douv" {flame, rC- Dex+5}
 40586 | Slime:5  | Got a slimy rune of Zot
 40662 | Slime:5  | Gained mutation: Your spells are a little easier to cast,
                  | but a little less powerful. [a shining eye]
 41840 | Depths:1 | Entered Level 1 of the Depths
 42261 | Vaults:1 | Entered Level 1 of the Vaults
 42276 | Vaults:1 | Gained mutation: Your natural rate of healing is unusually
                  | fast. [hidden potential]
 42588 | Vaults:1 | Reached XP level 22. HP: 224/231 MP: 34/34
 42849 | Vaults:1 | You are sucked into a shaft and drop 1 floor!
 42853 | Vaults:2 | Noticed Boris
 42861 | Vaults:2 | Killed Boris
 42984 | Vaults:1 | Identified the +1 scale mail of the Lich-sworn {rCorr Str+3
                  | Dex-4}
 43200 | Vaults:1 | Reached skill level 27 in Fighting
 43442 | Vaults:2 | Noticed Norris
 43456 | Vaults:2 | Killed Norris
 44582 | Vaults:3 | Found Dasaot's Assorted Antiques.
 44591 | Vaults:3 | Bought a scroll of teleportation for 60 gold pieces
 45040 | Vaults:3 | Found a staircase to the Crypt.
 45040 | Vaults:3 | Found a basalt altar of Yredelemnul.
 45040 | Vaults:3 | Found an ancient bone altar of Kikubaaqudgha.
 45274 | Vaults:4 | Gained mutation: You have an increased reservoir of magic.
                  | (+10% MP) [hidden potential]
 45274 | Vaults:4 | Lost mutation: You have hidden genetic potential. [hidden
                  | potential expressed]
 45697 | Vaults:4 | Identified the +5 dagger of Skirmishing {freeze, *Corrode
                  | +Blink rElec Dex+4}
 45925 | Vaults:4 | Reached XP level 23. HP: 189/240 MP: 39/39
 46115 | Vaults:4 | Found a portal to a secret trove of treasure.
 46125 | Vaults:4 | You paid a toll of 3 potions of resistance to enter a
                  | treasure trove
 46126 | Trove    | Entered a treasure trove
 46126 | Trove    | Found the dreamshard necklace {Acrobat *Dream}
 46131 | Trove    | Identified the amulet "Deg Daid" {Reflect rElec rPois Dex-2
                  | SH+5}
 46134 | Trove    | Identified the +2 kite shield of Vexation {rElec rF- SInv}
 46138 | Trove    | Identified the +1 hat of Hide-and-Seek {rF- rCorr Int+8}
 46139 | Trove    | Identified the +1 hat of Surprise {Stlth+}
 46146 | Trove    | Identified the ring of Meydusot {Fly rElec rPois Str+3
                  | SInv}
 46171 | Trove    | Identified the ring "Potuahan" {Wiz Int+3}
 46175 | Trove    | Identified the ring "Yxoseism" {MP+9 Str+4 Dex+6}
 46184 | Trove    | Identified the ring of Yrabb {Fly Will- rCorr Int+5}
 46350 | Vaults:5 | Entered Level 5 of the Vaults
 46364 | Vaults:5 | Noticed a dread lich
 46518 | Vaults:5 | Killed a dread lich
 46538 | Vaults:5 | Noticed Sojobo
 46542 | Vaults:5 | Noticed an ancient lich
 46544 | Vaults:5 | Noticed a golden dragon
 46553 | Vaults:5 | Killed Sojobo
 46558 | Vaults:4 | Killed an ancient lich
 46559 | Vaults:4 | Killed a golden dragon
 46649 | Abyss:3  | Cast into level 3 of the Abyss (a deep elf demonologist)
 46660 | Vaults:5 | Escaped the Abyss
 46671 | Vaults:4 | HP: 11/240 [titan (12)]
 47060 | Vaults:5 | Found the +10 zealot's sword {holy, Zealotry, *Rage rN+
                  | EV+3}
 47322 | Vaults:5 | Got a silver rune of Zot
 47351 | Vaults:5 | Identified the +3 spear "Hill Orc's Peril" {spect, +Blink
                  | rC+ Will+}
 47405 | Vaults:5 | Found Akuinkink's Book Shop.
 47412 | Vaults:5 | Identified the staff of Karma {rC+ rN+ Will+ Ice}
 47565 | Vaults:5 | Identified the +8 quarterstaff of the Unseen Realm {freeze,
                  | Int+4}
 47575 | Vaults:5 | Identified the ring "Ruzxoabe" {rCorr Int+3}
 47591 | Vaults:5 | Identified the staff "Vuoshamp" {rPois rF+ rC+ Stlth+ Ice}
 47638 | Vaults:5 | Identified the +8 quick blade "Wuostu Loxa" {venom, rPois
                  | Int+3}
 47719 | Vaults:5 | Found the +7 lajatang of Order {silver, rMut}
 48072 | Depths:1 | Found a runed translucent gate.
 48072 | Depths:1 | Found a runed translucent gate.
 48072 | Depths:1 | Found a runed translucent gate.
 48076 | Depths:1 | Noticed Bonyc's ghost (journeyman TeMo)
 48095 | Depths:1 | Reached XP level 24. HP: 232/249 MP: 40/40
 48230 | Depths:1 | Found a gateway to Hell.
 48378 | Depths:1 | Identified the +1 ring mail "Roofig" {rPois}
 48536 | Depths:1 | Found a burning altar of Makhleb.
 48540 | Depths:1 | Paralysed by a vampire knight for 5 turns
 48562 | Depths:1 | Found a glowing golden altar of the Shining One.
 48726 | Depths:1 | Killed Bonyc's ghost
 48738 | Depths:1 | Identified the +0 cloak of the Kettle-Drum {*Slow Int+4}
 48815 | Depths:2 | Found a stormy altar of Qazlal.
 49016 | Depths:2 | Found Gozag's Antique Weapon Shop.
 49019 | Depths:2 | Found Gozag's Assorted Antiques.
 49021 | Depths:2 | Found an opulent altar of Gozag.
 49021 | Depths:2 | Found Gozag's Antique Armour Shop.
 49201 | Depths:2 | Noticed Boris
 49209 | Depths:2 | Killed Boris
 49441 | Depths:2 | Reached skill level 27 in Axes
 49681 | Depths:2 | Found a one-way gate leading to the halls of Pandemonium.
 49683 | Depths:2 | Gained mutation: You are clumsy. (Dex -2) [a cacodemon]
 49852 | Abyss:3  | Found a corrupted altar of Lugonu.
 49852 | Abyss:3  | Cast into level 3 of the Abyss (a wizard)
 49912 | Abyss:3  | Gained mutation: You are weak. (Str -2) [a neqoxec]
 50113 | Abyss:3  | Lost mutation: You are clumsy. (Dex -2) [potion of
                  | mutation]
 50113 | Abyss:3  | Lost mutation: You are weak. (Str -2) [potion of mutation]
 50113 | Abyss:3  | Gained mutation: You occasionally lose the ability to drink
                  | potions when taking damage. [potion of mutation]
 50382 | Abyss:5  | Reached XP level 25. HP: 250/257 MP: 42/42
 50401 | Abyss:5  | Found a corrupted altar of Lugonu.
 50402 | Abyss:5  | Paralysed by accursed screaming for 1 turns
 50416 | Abyss:5  | Paralysed by accursed screaming for 2 turns
 50419 | Abyss:5  | Got an abyssal rune of Zot
 50431 | Depths:3 | Escaped the Abyss
 50841 | Depths:3 | Identified the +8 short sword of the Establishment {pain,
                  | Str+2}
 50940 | Depths:3 | Identified the amulet "Viyckeur" {Acrobat rF+}
 51012 | Depths:3 | Found a one-way gateway to a ziggurat.
 51122 | Depths:3 | Found a one-way gate to the infinite horrors of the Abyss.
 51146 | Depths:3 | Found a transporter.
 51202 | Depths:3 | Found a transporter.
 51208 | Depths:3 | Found a transporter.
 51412 | Depths:3 | Found a transporter.
 51554 | Depths:4 | Entered Level 4 of the Depths
 51612 | Depths:4 | Noticed Xtahua
 51619 | Depths:4 | Killed Xtahua
 51712 | Depths:4 | Found a gate to the Realm of Zot.
 52000 | Depths:4 | Noticed Boris
 52009 | Depths:4 | Killed Boris
 52143 | Depths:4 | Found Ychyjer's Armour Boutique.
 52643 | Crypt:1  | Entered Level 1 of the Crypt
 52649 | Crypt:1  | Reached skill level 27 in Armour
 52653 | Crypt:1  | Reached skill level 1 in Spellcasting
 52706 | Crypt:1  | Reached skill level 1 in Evocations
 53380 | Crypt:2  | Noticed Boris
 53386 | Crypt:2  | Killed Boris
 53412 | Crypt:2  | Acquired a manual of Invocations
 53486 | Crypt:2  | Found an ancient bone altar of Kikubaaqudgha.
 53545 | Crypt:2  | Reached XP level 26. HP: 167/266 MP: 43/43
 53605 | Crypt:2  | Noticed Mennas
 53645 | Crypt:2  | Killed Mennas
 53657 | Crypt:2  | Reached skill level 10 in Dodging
 54575 | Depths:4 | Bought the +10 tower shield of Ignorance {rN+ Int-4} for
                  | 744 gold pieces
 54575 | Depths:4 | Found the +10 tower shield of Ignorance {rN+ Int-4}
 54630 | Hell     | Entered the Vestibule of Hell
 54630 | Hell     | Noticed Geryon
 54642 | Hell     | Killed Geryon
 54643 | Hell     | Reached skill level 1 in Polearms
 54643 | Hell     | Reached skill level 1 in Shields
 54660 | Hell     | Noticed Murray
 54665 | Hell     | Killed Murray
 54704 | Hell     | Reached skill level 5 in Polearms
 54712 | Hell     | Reached skill level 5 in Shields
 54896 | Hell     | Found a gateway to the ashen valley of Gehenna.
 54996 | Hell     | Found a gateway to the freezing wastes of Cocytus.
 55096 | Hell     | Found a gateway to the Iron City of Dis.
 55149 | Hell     | Found a gateway to the decaying netherworld of Tartarus.
 55221 | Dis:1    | Entered Level 1 of the Iron City of Dis
 55269 | Dis:1    | Found a huge runed gate.
 55269 | Dis:1    | Found a huge runed gate.
 55270 | Dis:1    | Found a huge runed gate.
 55270 | Dis:1    | Found a huge runed gate.
 55270 | Dis:1    | Found a huge runed gate.
 55270 | Dis:1    | Found a huge runed gate.
 55273 | Dis:1    | Found a huge runed gate.
 55273 | Dis:1    | Found a huge runed gate.
 55273 | Dis:1    | Found a huge runed gate.
 55273 | Dis:1    | Found a huge runed gate.
 55273 | Dis:1    | Found a huge runed gate.
 55276 | Dis:1    | Found a huge runed gate.
 55277 | Dis:1    | Found a huge runed gate.
 55278 | Dis:1    | Found a huge runed gate.
 55279 | Dis:1    | Found a huge runed gate.
 55280 | Dis:1    | Found a huge runed gate.
 55454 | Dis:2    | Reached skill level 27 in Invocations
 58288 | Dis:4    | Reached XP level 27. HP: 184/273 MP: 30/44
 58351 | Dis:5    | Reached skill level 10 in Polearms
 58352 | Dis:5    | Reached skill level 10 in Shields
 58375 | Dis:5    | HP: 1/273 [ancient champion/+2 battleaxe of flaming (3)]
 58814 | Dis:7    | Entered Level 7 of the Iron City of Dis
 58937 | Dis:7    | Killed from afar by a Hell Sentinel

Illustrated notes

Levels and vault maps discovered:
D:1:      eino_arrival_water_cross, layout_rooms, serial_shops, shop
D:2:      layout_rooms, uniq_natasha
D:3:      layout_basic, pdpol_temple_overflow_zin_treasury_gozag_greed,
          mainiacjoe_overflow_swirl, gammafunk_ghost_smash,
          uniq_crazy_yiuf_cottage
D:4:      layout_rooms, portal_sewer_entry_d, uniq_menkaure
D:5:      layout_basic, kennysheep_mini_moat, minmay_temple_entry_sparse_star,
          minmay_shop_enchanted_jewellery
D:6:      layout_cave_pools, serial_shops, shop, kennysheep_generic_room_15
D:7:      layout_rooms, ashenzari_conservatory_becter,
          nicolae_ru_the_path_less_chosen, serial_shops, nicolae_shop_rolled_up,
          uniq_duvessa
D:8:      layout_basic, kiku_gazebo_garden_becter, erik_lair_island
D:9:      layout_cave_pods, fedhas_altar_1, skrybe_limestone_x, uniq_psyche,
          uniq_harold
D:10:     layout_layer_cave, mainiacjoe_overflow_big_doors, david_orc_1_choice
D:11:     layout_loops_cross
D:12:     layout_cave_pods, uniq_sonja, uniq_fannar
D:13:     layout_basic, serial_shops, shop, guppyfry_shop_blood
D:14:     minmay_skewed_foursquare, layout_basic,
          hellmonk_vaults_order_and_chaos, chequers_serial_rivers_large_a,
          serial_shops, nicolae_shop_crystal, gammafunk_ghost_spectres,
          portal_ice_cave_entry_pillars_1, nicolae_hepliaklqana_hazy_memory
D:15:     hangedman_depths_entry_civil_slaughter, layout_loops_ring
Temple:   hellmonk_temple_of_storms
Lair:1:   layout_regular_city
Lair:2:   layout_regular_city, gauntlet_entry_generic,
          dreamdust_mushroom_princess
Lair:3:   layout_regular_city, skrybe_swamp_entry_bodies,
          spider_nest_entry_webs, st_stairs_4, kennysheep_snail_temple
Lair:4:   gammafunk_indiana_jones, layout_regular_city, slime_entry_1,
          st_stairs_3, beast_lair_carwin_4, lemuel_fruit_tree
Lair:5:   guppyfry_lair_end_dragon, layout_hall_layers,
          hangedman_lair_caniforms_friends
Swamp:1:  layout_basic_swamp, evilmike_swamp_ruin_house_2, swamp_pool3,
          ldierk_geyser, nicolae_swamp_oxbows, infiniplex_staircase_pool
Swamp:2:  layout_basic_swamp, evilmike_swamp_ruin_house_6
Swamp:3:  layout_basic_swamp, evilmike_swamp_ruin_house_3
Swamp:4:  swamp_basic_johnstein, layout_basic_swamp, uniq_bai_suzhen
Spider:1: layout_spider_delve
Spider:2: layout_spider_delve, guppyfry_spider_mini_2
Spider:3: layout_spider_delve, nicolae_spider_circle_web, nicolae_spider_nook
Spider:4: johnstein_spider_rune_arachne_lair
Slime:1:  layout_caves
Slime:2:  layout_caves
Slime:3:  layout_caves, cheibrodos_slime_lost_civilization_6
Slime:4:  layout_caves, nicolae_slime_welcoming_committee
Slime:5:  slime_pit_nicolae_amoeboid
Orc:1:    layout_caves, basic_altar
Orc:2:    st_orc_elflike, layout_caves, basic_altar, serial_shops,
          nicolae_shop_waterfront, shop, shop, uniq_maurice, uniq_donald
Elf:1:    minmay_elf_arrival_circle, layout_loops_corners,
          kennysheep_underground_church, uniq_kirke
Elf:2:    elven_hall_of_blades_hangedman_original [nicolae_blade_little_rooms],
          layout_rooms, serial_shops, nicolae_shop_pleasant_corner_grove
Elf:3:    minmay_elf_hall_spiked, layout_loops_cross, mu_enter_wizlab_7
Vaults:1: nicolae_vaults_little_squares_2, vaults_mumra_hex,
          nicolae_vaults_angled_halls, vaults_room_fours, v_rooms_1,
          ontoclasm_vaults_misaligned, nicolae_vaults_little_ls,
          vaults_dpeg_hooks, vaults_standard_mumra_x,
          nicolae_vaults_mini_display_case, serial_ice_m, layout_vaults_ring
Vaults:2: v_misc_9, nicolae_vaults_ring_of_whatevers,
          nicolae_vaults_variable_pillar_hall,
          nicolae_vaults_trapezoid_lopsided_2, nicolae_vaults_wine_cellar,
          hangedman_vaults_stagger, nicolae_vaults_angled_halls,
          vaults_room_fours, nicolae_vaults_two_Ls, layout_vaults_big_cross,
          uniq_boris, uniq_norris
Vaults:3: nicolae_vaults_swerve, nicolae_vaults_asterisk,
          minmay_crypt_entry_necro_gods, nicolae_vaults_storage_closets_2,
          nicolae_vaults_sesquioval_fish, vaults_dpeg_emergency_exit,
          layout_vaults_quadrants, serial_shops, shop
Vaults:4: vaults_room_semicircle, nicolae_vaults_diffraction_hallways,
          ontoclasm_vaults_fault, vaults_room_semicircle,
          ontoclasm_vaults_ring_large, nicolae_vaults_trapezoid_layered,
          vaults_room_hallway, layout_vaults_omnibox,
          nicolae_trove_entry_path_of_doom
Vaults:5: serial_shops, uniq_sojobo
Crypt:1:  layout_catacombs
Crypt:2:  layout_misc_corridors, lemuel_hellish_altar, uniq_mennas
Depths:1: layout_gridville, gammafunk_ghost_tricky_traps,
          minmay_misc_feat_roman, grunt_hell_entry_dis_mu, nzn_life_drinkers,
          firewood_loft
Depths:2: kennysheep_gozag_temple, layout_honeycomb,
          nicolae_qazlal_style_of_elements, grunt_pan_entry_in_and_out,
          hell_entry, nrook_kobold_shadow_demons, infiniplex_staircase_star
Depths:3: minmay_tri_stars, layout_cave_pools, enter_ziggurat_f,
          minmay_misc_feat_doors, grunt_pan_entry_zigzag, hell_entry,
          abyss_entry_small_statue_room, nicolae_transporter_circle
Depths:4: grunt_x_marks_the_spot, layout_cross, serial_shops, shop,
          grunt_decor_resistance, hell_entry, uniq_xtahua
Hell
Dis:1:    layout_overlapping_boxes, not_door_vault_mu,
          nicolae_dis_emergency_hatch
Dis:2:    layout_subdivisions
Dis:3:    layout_regular_city
Dis:4:    layout_jigsaw
Dis:5:    layout_overlapping_boxes, hangedman_dis_decor_tower
Dis:6:    layout_gridville
Dis:7:    iron_city_of_dis [dis_grunt, dis_wall_5], layout_gridville

Skill      XL: |  1  2  3  4  5  6  7  8  9 10 11 12 13 14 15 16 17 18 19 20 21 22 23 24 25 26 27 |
---------------+----------------------------------------------------------------------------------+-----
Fighting       | 4 5 6 7 8 10 13 16 17 19 20 21 23 24 26 27 | 27.0
Axes           | 5 6 7 9 11 13 15 16 18 20 22 24 26 27 | 27.0
Armour         | 3 6 9 13 14 16 18 20 22 23 24 26 27 | 27.0
Invocations    | 4 7 10 12 14 16 18 20 22 24 27 | 27.0
Dodging        | 6 8 9 10 | 10.0
Spellcasting   | 1 |  1.7
Evocations     | 3 4 |  4.1
Polearms       | 9 11 | 11.6
Shields        | 9 12 | 12.2

Action                     |  1- 3 |  4- 6 |  7- 9 | 10-12 | 13-15 | 16-18 | 19-21 | 22-24 | 25-27 || total
---------------------------+-------+-------+-------+-------+-------+-------+-------+-------+-------++-------
  Melee: Hand axe          |   106 |    87 |       |       |       |       |       |       |       ||   193
         Quarterstaff      |       |   112 |   156 |       |       |       |       |       |       ||   268
         War axe           |       |       |    87 |   242 |       |       |       |       |       ||   329
         Punch             |       |       |     1 |       |       |       |       |       |       ||     1
         Battleaxe         |       |       |       |   227 |   801 |   710 |  1093 |  1012 |   784 ||  4627
  Throw: Throwing net      |       |       |       |     1 |       |       |       |       |       ||     1
 Invoke: Upheaval          |       |       |       |    15 |    11 |    24 |    23 |     1 |    39 ||   113
         Elemental Force   |       |       |       |     2 |       |     1 |     1 |       |     7 ||    11
         Disaster Area     |       |       |       |       |       |     1 |     5 |     8 |     2 ||    16
  Evoke: Wand              |       |       |     2 |     9 |       |       |     4 |       |    10 ||    25
         Lightning rod     |       |       |       |     1 |       |     1 |     1 |       |       ||     3
    Use: Potion            |     1 |     4 |     2 |     5 |     1 |     9 |     9 |    12 |     6 ||    49
         Scroll            |       |    13 |     6 |     8 |     5 |     5 |     3 |     6 |     3 ||    49
   Stab: Confused          |       |     1 |     1 |       |       |       |       |       |       ||     2
         Paralysed         |       |       |       |       |       |     1 |       |       |     5 ||     6
         Distracted        |       |       |       |       |       |       |       |     7 |    24 ||    31
 Armour: Robe              |    46 |     7 |       |       |       |       |       |       |       ||    53
         Ring mail         |       |   139 |     2 |       |     8 |       |       |       |       ||   149
         Chain mail        |       |       |   217 |   396 |   561 |   287 |    54 |       |       ||  1515
         Skin              |       |       |     1 |       |       |       |       |       |       ||     1
         Plate armour      |       |       |       |       |       |   295 |       |       |       ||   295
         Crystal plate arm |       |       |       |       |       |       |   992 |   719 |   551 ||  2262
  Dodge: Dodged            |    66 |   157 |   112 |   160 |   274 |   178 |   379 |   284 |   254 ||  1864
         Repelled          |       |       |       |       |     6 |    20 |    17 |    13 |    10 ||    66
  Block: Other             |       |       |    21 |    42 |   374 |   343 |   605 |   306 |   165 ||  1856
         Orb               |       |       |     1 |    27 |       |       |       |       |       ||    28
         Reflection        |       |       |       |       |    44 |    42 |    10 |    23 |       ||   119

Table legend: (Time is in decaauts)
 A = Elapsed time spent in this place.
 B = Non-inter-level travel time spent in this place.
 C = Inter-level travel time spent in this place.
 D = Time resting spent in this place.
 E = Time spent auto-exploring this place.
 F = Levels seen in this place.
 G = Mean time per level.
                   A        B        C        D        E       F      G
               +--------+--------+--------+--------+--------+-----+--------+
         Total |  58213 |  53618 |   4595 |   5475 |  35955 |  67 |  868.9 |
       Dungeon |  14969 |  13100 |   1869 |      0 |  10654 |  15 |  997.9 |
        Temple |     55 |     17 |     38 |      0 |      0 |   1 |   55.0 |
          Lair |   7401 |   6707 |    694 |    167 |   5376 |   5 | 1480.2 |
         Swamp |   2427 |   2304 |    123 |      0 |   1794 |   4 |  606.8 |
   Spider Nest |   3955 |   3751 |    204 |    275 |   2802 |   4 |  988.8 |
    Slime Pits |   4869 |   4654 |    215 |   1114 |   2719 |   5 |  973.8 |
  Orcish Mines |   1390 |   1202 |    188 |      0 |    940 |   2 |  695.0 |
   Elven Halls |   4006 |   3753 |    253 |    443 |   2414 |   3 | 1335.3 |
        Vaults |   5581 |   5077 |    504 |    449 |   3373 |   5 | 1116.2 |
         Crypt |   1627 |   1509 |    118 |      0 |   1133 |   2 |  813.5 |
        Depths |   3929 |   3628 |    301 |    165 |   2618 |   4 |  982.2 |
          Hell |    569 |    511 |     58 |      0 |    370 |   1 |  569.0 |
           Dis |   3631 |   3607 |     24 |   2554 |     91 |   7 |  518.7 |
         Abyss |    527 |    527 |      0 |      0 |     42 |   4 |  131.8 |
         Trove |     99 |     99 |      0 |      0 |      0 |   1 |   99.0 |
         Sewer |    765 |    765 |      0 |      0 |    415 |   1 |  765.0 |
      Ice Cave |   1285 |   1285 |      0 |      0 |    847 |   1 | 1285.0 |
        Wizlab |    450 |    450 |      0 |    161 |     95 |   1 |  450.0 |
      Gauntlet |    669 |    669 |      0 |    147 |    269 |   1 |  669.0 |
               +--------+--------+--------+--------+--------+-----+--------+

Top non-repeatable levels by time:
   Dis:3: 2385 daAuts
   Elf:3: 1932 daAuts
  Lair:3: 1877 daAuts
     D:8: 1736 daAuts
  Lair:4: 1606 daAuts
  Lair:5: 1513 daAuts
 Slime:4: 1500 daAuts
Vaults:4: 1461 daAuts
Spider:4: 1430 daAuts
  Lair:2: 1338 daAuts
    D:15: 1304 daAuts
   IceCv: 1285 daAuts
    D:13: 1239 daAuts
     D:9: 1237 daAuts
Depths:2: 1237 daAuts
